 Dungeon Crawl Stone Soup version 0.27.0-1-g7a089689b8 (webtiles) character file.

Game seed: 10469667573602270971

16 Spectrina the Ducker (level 2, -1/18 HPs)
             Began as a Deep Elf Monk on Aug 7, 2021.
             Slain by a kobold (3 damage)
             ... on level 1 of the Dungeon.
             The game lasted 00:03:33 (539 turns).

Spectrina the Ducker (Deep Elf Monk)                 Turns: 539, Time: 00:03:34

Health: -1/18      AC:  2    Str:  6 (8)  XL:     2   Next: 41%
Magic:  8/8        EV: 13    Int: 11 (14) God:
Gold:   40         SH:  0    Dex: 15 (17) Spells: 7/7 levels left

rFire    . . .     SeeInvis .   a - +0 short sword
rCold    . . .     Faith    .   (no shield)
rNeg     . . .     Spirit   .   k - +0 robe
rPois    .         Reflect  .   (no helmet)
rElec    .         Harm     .   (no cloak)
rCorr    .         Rampage  .   (no gloves)
Will     .....                  (no boots)
Stlth    ++........             (no amulet)
HPRegen  0.06/turn              (no ring)
MPRegen  0.11/turn              (no ring)

@: mighty
A: no striking features
a: no special abilities


You were on level 1 of the Dungeon.
You visited 1 branch of the dungeon, and saw 4 of its levels.

You collected 40 gold pieces.

Inventory:

Hand Weapons
 a - a +0 short sword (weapon)
 b - a +0 dagger
 h - a +0 hunting sling
Missiles
 c - 16 arrows
 j - 31 stones (quivered)
Armour
 k - a +0 robe (worn)
Scrolls
 d - a scroll of enchant weapon {unknown}
 f - a scroll of noise
 g - a scroll of enchant armour {unknown}
 i - a scroll of fog
 m - a scroll of teleportation {unknown}
Potions
 e - a potion of resistance {unknown}


   Skills:
 - Level 2.4 Fighting
 - Level 3.0 Short Blades
 - Level 3.6 Dodging
 - Level 2.4 Stealth
 + Level 3.0 Spellcasting


You had 7 spell levels left.
You didn't know any spells.
Your spell library was empty.

Dungeon Overview and Level Annotations

Branches:
Dungeon (4/15)
 Temple: D:4-7

Altars:

Annotations:
D:2 Natasha


Message History

The goblin closely misses you.
You miss the goblin. The goblin closely misses you.
You hit the goblin.
You kill the goblin!
Your Spellcasting skill increases to level 3!
Items here: ( )) †.
h - a +0 hunting sling;
j - 14 stones Adjust (i)tems, (s)pells, or (a)bilities?
Okay, then.
Unknown command.
There is a stone staircase leading up here.
You climb upwards.
Found 17 stones.
There is a stone staircase leading down here.
Unknown command.
Found a fizzy coppery potion.
Found a scroll labelled POT WEAQUFOD.
j - 31 stones (gained 17)
l - a fizzy coppery potion A bat comes into view.
A kobold comes into view. It is wielding a +0 whip.
You see here a scroll labelled POT WEAQUFOD.
m - a scroll labelled POT WEAQUFOD You barely miss the kobold.
The kobold hits you with a +0 whip.
* * * LOW HITPOINT WARNING * * *
You hit the kobold.
The kobold is moderately wounded.
The kobold hits you with a +0 whip.
* * * LOW HITPOINT WARNING * * *
Okay, then.
It was a potion of might.
You feel very mighty all of a sudden. The kobold barely misses you.
You completely miss the kobold.
The kobold is moderately wounded.
The kobold closely misses you.
You barely miss the kobold.
The kobold is moderately wounded.
The kobold hits you with a +0 whip.
You die...

#.##..#.# #####
#.##..#.#............
###..#..#.#............
##......................
##.......#.#............
##.##....#.#..........
##.###..............
##.###............#
................@.#
#######>........K.#
###.........#
#.........#
.................
.b....######.......
......# #....... ♣♣
......# #....... P♣
...... #.......


You could see a kobold.

Vanquished Creatures
  2 worms
  2 bats
  3 goblins
  A hobgoblin (D:2)
  3 rats
11 creatures vanquished.

Vanquished Creatures (others)
  A fungus (D:2)
1 creature vanquished.

Grand Total: 12 creatures vanquished

Notes
Turn   | Place    | Note
-------+----------+-------------------------------------------
     0 | D:1      | Spectrina the Deep Elf Monk began the quest for the Orb.
     0 | D:1      | Reached XP level 1. HP: 13/13 MP: 3/3
    39 | D:1      | Reached skill level 1 in Spellcasting
   154 | D:2      | Reached XP level 2. HP: 12/18 MP: 7/7
   301 | D:4      | Noticed an ogre
   467 | D:2      | Noticed Natasha
   539 | D:1      | Slain by a kobold

Illustrated notes

Levels and vault maps discovered:
D:1:      psy_arrival_fountain, layout_basic, serial_shops, shop_statue
D:2:      layout_rooms, ebering_ecumenical_altar_hall, minmay_puff,
          uniq_crazy_yiuf_cottage, uniq_natasha
D:3:      layout_loops_ring, serial_bayou_pond_b
D:4:      layout_basic, minmay_temple_entry_fiery, gammafunk_ghost_mausoleum

Skill      XL: |  1  2 |
---------------+-------+-----
Spellcasting   | 2 3 |  3.0
Fighting       | |  2.4
Short Blades   | |  3.0
Dodging        | |  3.6
Stealth        | |  2.4

Action                   || total
-------------------------++-------
Melee: Short sword       ||    51
  Use: Potion            ||     3
       Scroll            ||     2
 Stab: Sleeping          ||     3
Armor: Robe              ||     2
Dodge: Dodged            ||    25
